SAA
IRVING BLUE SOX @ SALEM MISFITS
06/15/2031
 
TOP OF THE 1ST
Irving Blue Sox batting - Pitching for Salem Misfits : RHP Carlos Salcido
Pitching: RHP Carlos Salcido
Batting: LHB Ed Gordon 0-0: Ball
1-0: Called Strike
1-1: Bunted foul
1-2: Ground out 4-3 (Groundball, 4MS)
Batting: LHB Mike Clifton 0-0: Called Strike
0-1: Fly out, F8 (Flyball, 89D)
Batting: LHB Juan Jimínez 0-0: Called Strike
0-1: Ball
1-1: Called Strike
1-2: Fly out, F9 (Flyball, 9S)
Top of the 1st over - 0 runs, 0 hits, 0 errors, 0 left on base; Irving 0 - Salem 0
BOTTOM OF THE 1ST
Salem Misfits batting - Pitching for Irving Blue Sox : RHP Jorge Villanueva
Pitching: RHP Jorge Villanueva
Batting: LHB José Cuervo 0-0: Foul Ball, location: 2F
0-1: Ground out 4-3 (Groundball, 4)
Batting: LHB Donatas Montiejunas 0-0: Ball
1-0: Ball
2-0: Swinging Strike
2-1: Foul Ball, location: 2F
2-2: Foul Ball, location: 2F
2-2: Ball
3-2: Fly out, F5 (Line Drive, 56)
Batting: LHB Jesús Lazcano 0-0: Ground out 4-3 (Groundball, 4)
Bottom of the 1st over - 0 runs, 0 hits, 0 errors, 0 left on base; Irving 0 - Salem 0
TOP OF THE 2ND
Irving Blue Sox batting - Pitching for Salem Misfits : RHP Carlos Salcido
Batting: RHB Scott Donlan 0-0: Ball
1-0: Called Strike
1-1: Ball
2-1: Ball
3-1: SOLO HOME RUN (Flyball, 7LD), Distance : 367 ft
Batting: RHB Luis Jelarde 0-0: Fly out, F8 (Flyball, 8LD)
Batting: RHB Juan Salinas 0-0: Ball
1-0: Ball
2-0: Called Strike
2-1: Fly out, F9 (Flyball, 9)
Batting: RHB Scotty Smalls 0-0: Ball
1-0: Ground out 6-3 (Groundball, 6)
Top of the 2nd over - 1 run, 1 hit, 0 errors, 0 left on base; Irving 1 - Salem 0
BOTTOM OF THE 2ND
Salem Misfits batting - Pitching for Irving Blue Sox : RHP Jorge Villanueva
Batting: RHB Akke Derksen 0-0: Ball
1-0: Called Strike
1-1: Ball
2-1: Foul Ball, location: 2F
2-2: Fly out, F7 (Flyball, 7D)
Batting: RHB Vicente Andros 0-0: Called Strike
0-1: Foul Ball, location: 2F
0-2: Ball
1-2: Foul Ball, location: 2F
1-2: Fly out, F9 (Flyball, 9LM)
Batting: RHB César Ramos 0-0: Ball
1-0: Ball
2-0: Called Strike
2-1: Ball
3-1: SOLO HOME RUN (Flyball, 7LD), Distance : 364 ft
Batting: LHB Tyler Knopp 0-0: Ball
1-0: Foul Ball, location: 2F
1-1: Called Strike
1-2: Ball
2-2: Ground out 4-3 (Groundball, 4)
Bottom of the 2nd over - 1 run, 1 hit, 0 errors, 0 left on base; Irving 1 - Salem 1
TOP OF THE 3RD
Irving Blue Sox batting - Pitching for Salem Misfits : RHP Carlos Salcido
Batting: RHB Enrique Gómez 0-0: Called Strike
0-1: Foul Ball, location: 2F
0-2: Ball
1-2: Foul Ball, location: 2F
1-2: Foul Ball, location: 2F
1-2: Fly out, F7 (Flyball, 7S)
Batting: LHB Armando Becerra 0-0: Called Strike
0-1: Ball
1-1: Called Strike
1-2: Ball
2-2: Fly out, F6 (Popup, 6)
Batting: LHB Ed Gordon 0-0: Called Strike
0-1: Called Strike
0-2: Strikes out looking
Top of the 3rd over - 0 runs, 0 hits, 0 errors, 0 left on base; Irving 1 - Salem 1
BOTTOM OF THE 3RD
Salem Misfits batting - Pitching for Irving Blue Sox : RHP Jorge Villanueva
Batting: RHB Jorge Gómez 0-0: Ball
1-0: Ball
2-0: Ball
3-0: Base on Balls
Batting: RHB Atanza Vongor 0-0: Ball
1-0: SINGLE (Line Drive, 9S)
Jorge Gómez to second
Batting: LHB José Cuervo 0-0: Fly out, F6 (Line Drive, 6)
Batting: LHB Donatas Montiejunas 0-0: Ball
1-0: Called Strike
1-1: Ball
2-1: Ball
3-1: SINGLE (Flyball, 5D)
Jorge Gómez to third
Atanza Vongor to second
Runner from 3rd tries for Home, SAFE, no throw
Batting: LHB Jesús Lazcano 0-0: Called Strike
Atanza Vongor steals 3rd base
Donatas Montiejunas to second
0-1: Ball
1-1: Ground out 6-3 (Groundball, 6)
Atanza Vongor scores
Batting: RHB Akke Derksen 0-0: Ball
1-0: Swinging Strike
1-1: Foul Ball, location: 2F
1-2: Foul Ball, location: 2F
1-2: Strikes out swinging
Bottom of the 3rd over - 2 runs, 2 hits, 0 errors, 1 left on base; Irving 1 - Salem 3
TOP OF THE 4TH
Irving Blue Sox batting - Pitching for Salem Misfits : RHP Carlos Salcido
Batting: LHB Mike Clifton 0-0: Ball
1-0: Foul Ball, location: 2F
1-1: Ball
2-1: Ball
3-1: Base on Balls
Batting: LHB Juan Jimínez 0-0: Foul Ball, location: 2F
0-1: Ball
1-1: Ball
2-1: Ball
3-1: Base on Balls
Mike Clifton to second
Batting: RHB Scott Donlan 0-0: Ball
1-0: Ball
2-0: Ball
3-0: Called Strike
3-1: SINGLE (Line Drive, 8LM)
Mike Clifton to third
Juan Jimínez to second
Batting: RHB Luis Jelarde 0-0: Ball
1-0: Foul Ball, location: 2F
1-1: Foul Ball, location: 2F
1-2: Strikes out swinging
Batting: RHB Juan Salinas 0-0: Called Strike
0-1: Foul Ball, location: 2F
0-2: Foul Ball, location: 2F
0-2: Strikes out looking
Batting: RHB Scotty Smalls 0-0: Ball
1-0: Ball
2-0: Called Strike
2-1: SINGLE (Flyball, 8RS)
Mike Clifton scores
Juan Jimínez to third
Scott Donlan to second
Runner from 3rd tries for Home, SAFE, no throw
Batting: RHB Enrique Gómez 0-0: Ball
1-0: Called Strike
1-1: Swinging Strike
1-2: Ball
2-2: Foul Ball, location: 2F
2-2: Ball
3-2: Reached on error, E6 (Popup, P)
Scott Donlan to third
Scotty Smalls to second
Batting: LHB Armando Becerra 0-0: Ball
1-0: Foul Ball, location: 2F
1-1: Called Strike
1-2: Foul Ball, location: 2F
1-2: Strikes out looking
Top of the 4th over - 2 runs, 2 hits, 1 error, 3 left on base; Irving 3 - Salem 3
BOTTOM OF THE 4TH
Salem Misfits batting - Pitching for Irving Blue Sox : RHP Jorge Villanueva
Batting: RHB Vicente Andros 0-0: Called Strike
0-1: Foul Ball, location: 2F
0-2: Ball
1-2: Ground out 6-3 (Groundball, 6S)
Batting: RHB César Ramos 0-0: Ball
1-0: Foul Ball, location: 2F
1-1: Foul Ball, location: 2F
1-2: Ball
2-2: SINGLE (Groundball, 56D)
Batting: LHB Tyler Knopp 0-0: Swinging Strike
0-1: Ball
1-1: Ball
2-1: Ground out 4-3 (Groundball, 34D)
César Ramos to second
Batting: RHB Jorge Gómez 0-0: Foul Ball, location: 2F
0-1: Foul Ball, location: 2F
0-2: Strikes out swinging
Bottom of the 4th over - 0 runs, 1 hit, 0 errors, 1 left on base; Irving 3 - Salem 3
TOP OF THE 5TH
Irving Blue Sox batting - Pitching for Salem Misfits : RHP Carlos Salcido
Batting: LHB Ed Gordon 0-0: Ball
1-0: SINGLE (Line Drive, 89S)
Batting: LHB Mike Clifton 0-0: Bunted foul
0-1: Sac Bunt - play at first, batter OUT! 3-4
Ed Gordon to second
Batting: LHB Juan Jimínez 0-0: Ball
1-0: Ball
2-0: Ball
Ed Gordon is caught stealing 3rd base
3-0: Called Strike
3-1: SOLO HOME RUN (Line Drive, 7D), Distance : 394 ft
Batting: RHB Scott Donlan 0-0: Called Strike
0-1: Foul Ball, location: 2F
0-2: Foul Ball, location: 2F
0-2: Fly out, F5 (Line Drive, 5S)
Top of the 5th over - 1 run, 2 hits, 0 errors, 0 left on base; Irving 4 - Salem 3
BOTTOM OF THE 5TH
Salem Misfits batting - Pitching for Irving Blue Sox : RHP Jorge Villanueva
Batting: RHB Atanza Vongor 0-0: Ball
1-0: Ball
2-0: Swinging Strike
2-1: Ball
3-1: Called Strike
3-2: Ground out 5-3 (Groundball, 56)
Batting: LHB José Cuervo 0-0: Called Strike
0-1: Fly out, F8 (Flyball, 8RM)
Batting: LHB Donatas Montiejunas 0-0: Called Strike
0-1: Foul Ball, location: 2F
0-2: Strikes out looking
Bottom of the 5th over - 0 runs, 0 hits, 0 errors, 0 left on base; Irving 4 - Salem 3
TOP OF THE 6TH
Irving Blue Sox batting - Pitching for Salem Misfits : RHP Carlos Salcido
Batting: RHB Luis Jelarde 0-0: Foul Ball, location: 2F
0-1: Swinging Strike
0-2: Ground out 5-3 (Groundball, 56)
Batting: RHB Juan Salinas 0-0: Foul Ball, location: 2F
0-1: Ball
1-1: Fly out, F7 (Flyball, 7)
Batting: RHB Scotty Smalls 0-0: Ball
1-0: Foul Ball, location: 2F
1-1: Hit by Pitch
Batting: RHB Enrique Gómez 0-0: Ball
1-0: Swinging Strike
1-1: Foul Ball, location: 2F
1-2: Foul Ball, location: 2F
1-2: Ball
2-2: Strikes out swinging
Top of the 6th over - 0 runs, 0 hits, 0 errors, 1 left on base; Irving 4 - Salem 3
BOTTOM OF THE 6TH
Salem Misfits batting - Pitching for Irving Blue Sox : RHP Jorge Villanueva
Batting: LHB Jesús Lazcano 0-0: Foul Ball, location: 2F
0-1: SOLO HOME RUN (Flyball, 9D), Distance : 389 ft
Batting: RHB Akke Derksen 0-0: Ball
1-0: Foul Ball, location: 2F
1-1: Ground out 4-3 (Groundball, 4)
Batting: RHB Vicente Andros 0-0: Called Strike
0-1: Foul Ball, location: 2F
0-2: Ball
1-2: Strikes out swinging
Batting: RHB César Ramos 0-0: Ball
1-0: Called Strike
1-1: Foul Ball, location: 2F
1-2: Ball
2-2: Strikes out swinging
Bottom of the 6th over - 1 run, 1 hit, 0 errors, 0 left on base; Irving 4 - Salem 4
TOP OF THE 7TH
Irving Blue Sox batting - Pitching for Salem Misfits : RHP Carlos Salcido
Batting: LHB Armando Becerra 0-0: Ball
1-0: Swinging Strike
1-1: Swinging Strike
1-2: Strikes out looking
Batting: LHB Ed Gordon 0-0: Ball
1-0: Ball
2-0: SINGLE (Groundball, 4MD)
Pitching: RHP William Fothergill
Batting: LHB Mike Clifton 0-0: Called Strike
0-1: Ball
1-1: Ball
2-1: Ball
3-1: Base on Balls
Ed Gordon to second
Batting: LHB Juan Jimínez 0-0: Fly out, F7 (Line Drive, 7)
Batting: RHB Scott Donlan 0-0: Called Strike
0-1: Ball
1-1: Ball
2-1: SINGLE (Flyball, 89M)
Ed Gordon to third
Mike Clifton to second
Runner from 3rd tries for Home, SAFE, no throw
Batting: RHB Luis Jelarde 0-0: Ball
1-0: Called Strike
1-1: Foul Ball, location: 2F
1-2: Strikes out swinging
Top of the 7th over - 1 run, 2 hits, 0 errors, 2 left on base; Irving 5 - Salem 4
BOTTOM OF THE 7TH
Salem Misfits batting - Pitching for Irving Blue Sox : RHP Jorge Villanueva
Batting: LHB Tyler Knopp 0-0: Ball
1-0: Swinging Strike
1-1: Foul Ball, location: 2F
1-2: Ball
2-2: Ground out U3 (Groundball, 3)
Batting: RHB Jorge Gómez 0-0: Ball
1-0: Foul Ball, location: 2F
1-1: Ball
2-1: Ball
3-1: SINGLE (Line Drive, 34)
Pitching: LHP Ron Anderson
Batting: RHB Atanza Vongor 0-0: Foul Ball, location: 2F
0-1: Ball
1-1: Fly out, F7 (Line Drive, 7)
Batting: LHB José Cuervo 0-0: Called Strike
0-1: Foul Ball, location: 2F
0-2: Ball
1-2: SINGLE (Groundball, 3D)
Jorge Gómez to second
Runner from 2nd tries for 3rd, SAFE, no throw
Batting: LHB Donatas Montiejunas 0-0: Ball
1-0: Called Strike
1-1: Ball
2-1: Ground out 4-3 (Groundball, 4)
Bottom of the 7th over - 0 runs, 2 hits, 0 errors, 2 left on base; Irving 5 - Salem 4
TOP OF THE 8TH
Irving Blue Sox batting - Pitching for Salem Misfits : RHP William Fothergill
Batting: RHB Juan Salinas 0-0: Ball
1-0: Ground out 5-3 (Groundball, 5)
Batting: RHB Scotty Smalls 0-0: Called Strike
0-1: Foul Ball, location: 2F
0-2: Foul Ball, location: 2F
0-2: Ball
1-2: Ball
2-2: Strikes out swinging
Batting: RHB Enrique Gómez 0-0: Called Strike
0-1: Called Strike
0-2: Ball
1-2: Ball
2-2: Strikes out swinging
Top of the 8th over - 0 runs, 0 hits, 0 errors, 0 left on base; Irving 5 - Salem 4
BOTTOM OF THE 8TH
Salem Misfits batting - Pitching for Irving Blue Sox : LHP Ron Anderson
Now in RF: Rafael Delgado
Batting: LHB Jesús Lazcano 0-0: Foul Ball, location: 2F
0-1: Ball
1-1: Foul Ball, location: 2F
1-2: Ball
2-2: Foul Ball, location: 2F
2-2: Foul Ball, location: 2F
2-2: Strikes out looking
Batting: RHB Akke Derksen 0-0: Called Strike
0-1: SINGLE (Groundball, 6M) (infield hit)
Batting: RHB Vicente Andros 0-0: Called Strike
0-1: Ball
1-1: Ball
2-1: Grounds into double play, 5-4-3 (Groundball, 56)
Bottom of the 8th over - 0 runs, 1 hit, 0 errors, 0 left on base; Irving 5 - Salem 4
TOP OF THE 9TH
Irving Blue Sox batting - Pitching for Salem Misfits : RHP William Fothergill
Batting: LHB Armando Becerra 0-0: Called Strike
0-1: Ball
1-1: Swinging Strike
1-2: Fly out, F6 (Line Drive, 6)
Batting: LHB Ed Gordon 0-0: Ball
1-0: Ball
2-0: Ground out 5-3 (Groundball, 56)
Batting: LHB Mike Clifton 0-0: Swinging Strike
0-1: Called Strike
0-2: Strikes out swinging
Top of the 9th over - 0 runs, 0 hits, 0 errors, 0 left on base; Irving 5 - Salem 4
BOTTOM OF THE 9TH
Salem Misfits batting - Pitching for Irving Blue Sox : LHP Ron Anderson
Batting: RHB César Ramos 0-0: Ball
1-0: Ball
2-0: SINGLE (Line Drive, 7S)
Batting: LHB Tyler Knopp 0-0: Ball
1-0: Sac Bunt - play at first, batter OUT! 5-4
César Ramos to second
Batting: RHB Jorge Gómez 0-0: Ball
1-0: Ground out 4-3 (Groundball, 4)
César Ramos to third
Batting: RHB Atanza Vongor 0-0: Ground out 6-3 (Groundball, 6)
Bottom of the 9th over - 0 runs, 1 hit, 0 errors, 1 left on base; Irving 5 - Salem 4
Tuesday, June 12th, 2018 - OOTP Baseball 18.8 Build 76